 Dungeon Crawl Stone Soup version 0.31-a0-1499-ge0622b2318 (webtiles) character file.

Game seed: 11946090705933146949

11180 Pooter the Skirmisher (level 11, -13/99 HPs)
             Began as a Minotaur Berserker on Dec 29, 2023.
             Was a Priest of Trog.
             Mangled by a red devil
             ... wielding a +0 trident
             ... summoned by an orc high priest
              (16 damage)
             ... on level 2 of the Orcish Mines on Dec 30, 2023.
             The game lasted 01:01:10 (10484 turns).

Pooter the Skirmisher (Minotaur Berserker)         Turns: 10484, Time: 01:01:11

Health: -13/99     AC: 12    Str: 26    XL:     11   Next: 45%
Magic:  10/10      EV:  7    Int:  4    God:    Trog [***...]
Gold:   268        SH:  0    Dex: 10    Spells: 10/10 levels left

rFire   . . .        a - +2 war axe (heavy)
rCold   + . .        (no shield)
rNeg    + . .        C - +3 plate armour {rC+}
rPois   .            (helmet restricted)
rElec   .            (no cloak)
rCorr   .            c - +0 pair of gloves
SInv    .            h - +0 pair of boots {Stlth+}
Will    +++..        K - amulet of regeneration Stlth
                     N - ring of positive energy
HPRegen 2.16/turn    q - ring of willpower
MPRegen 0.12/turn

%: no passive effects
@: mighty, strong-willed, spiked, corroded, regenerating, hasted, very quick
A: horns 2, retaliatory headbutt
a: Renounce Religion, Berserk, Trog's Hand


You were on level 2 of the Orcish Mines.
You worshipped Trog.
Trog was most pleased with you.
You visited 2 branches of the dungeon, and saw 11 of its levels.
You also visited: Bailey.

You collected 1194 gold pieces.
You spent 926 gold pieces at shops.

Inventory:

Hand Weapons
 a - a +2 heavy war axe (weapon)
   (You took it off an orc warrior on level 1 of the Orcish Mines)
 b - a +0 arbalest
   (You took it off a kobold blastminer on level 2 of the Orcish Mines)
 s - a +0 hand axe
 t - a +0 war axe
   (You took it off a human in a bailey)
 v - a +0 glaive
   (You found it on level 1 of the Dungeon)
 w - a +0 dire flail
   (You took it off Blork the orc on level 4 of the Dungeon)
 A - a +1 broad axe
   (You took it off a vault guard in a bailey)
 I - a +3 trident of draining
   (You took it off Jeremiah on level 7 of the Dungeon)
 J - a +0 battleaxe
   (You took it off an orc knight on level 2 of the Orcish Mines)
Missiles
 l - 6 poisoned darts
 n - 5 atropa-tipped darts
 y - 5 throwing nets {!f}
 E - 17 boomerangs (quivered)
 Q - 25 stones
Armour
 c - a +0 pair of gloves (worn)
   (You found it on level 1 of the Dungeon)
 h - a +0 pair of boots of stealth (worn)
   (You bought it in a shop on level 5 of the Dungeon)
 C - a +3 plate armour of cold resistance (worn)
   (You found it on level 5 of the Dungeon)
Jewellery
 q - a ring of willpower (right hand)
   (You found it on level 3 of the Dungeon)
 F - an amulet of reflection
   (You found it on level 7 of the Dungeon)
 G - an amulet of guardian spirit
   (You found it on level 4 of the Dungeon)
 K - an amulet of regeneration (around neck)
   (You bought it in a shop on level 2 of the Orcish Mines)
 N - a ring of positive energy (left hand)
   (You found it on level 2 of the Dungeon)
Wands
 f - a wand of flame (25)
   (You took it off Robin on level 3 of the Dungeon)
 i - a wand of roots (1)
   (You found it on level 6 of the Dungeon)
 u - a wand of paralysis (2)
   (You found it on level 5 of the Dungeon)
Scrolls
 e - 2 scrolls of vulnerability {!r}
 g - a scroll of fear
 x - a scroll of noise {!r}
 z - a scroll of summoning
 D - a scroll of revelation
Potions
 d - 3 potions of heal wounds {unknown}
 j - 3 potions of enlightenment
 k - a potion of mutation {!q}
 m - 3 potions of might
 o - 6 potions of curing {@q1}
 p - 4 potions of haste {@q3}
 r - 2 potions of lignification {unknown}
 B - 3 potions of magic {unknown}
 H - 4 potions of brilliance {unknown}


   Skills:
 + Level 9.9 Fighting
 * Level 7.7(10.6) Axes
 - Level 11.3(12.3) Polearms
 * Level 12.0 Ranged Weapons
 - Level 2.4 Armour
 - Level 2.1 Dodging
 - Level 5.0 Stealth


You had 10 spell levels left.
You didn't know any spells.
Your spell library was empty.

Dungeon Overview and Level Annotations

Branches:
Dungeon (9/15) Zot: 26866  Temple (0/1) D:4             Orc (2/2) D:9 Zot: 8736
    Elf (0/3) Orc:2        Bailey (visited)
   Lair: D:8-11

Altars:
Ashenzari
Dithmenos
Gozag
Makhleb
Ru
Wu Jian

Shops:
D:5 **   D:7 *   Orc:1 :   Orc:2 =

Annotations:
D:7 1 runed translucent door, Crazy Yiuf


Innate Abilities, Weirdness & Mutations

You have a pair of horns on your head.
You reflexively headbutt those who attack you in melee.


Message History

Beogh smites you!
The orc high priest hits you with a +0 scimitar!
The rust devil hits you. The rust devil corrodes you!
You slash the orc high priest! You hit the rust devil.
The sixfirhy closely misses you. The sixfirhy hits you.
The sixfirhy shocks you!
The orc high priest hits you with a +0 scimitar!
* * * LOW HITPOINT WARNING * * *
The hellwing swoops through the air toward you!
The hellwing hits you but does no damage.
The hellwing completely misses you.
Unknown command.
You cut the orc high priest into ribbons!!!
You kill the orc high priest!
Trog accepts your kill.
The hellwing disappears in a puff of smoke!
The ice devil disappears in a puff of smoke!
The rust devil disappears in a puff of smoke!
You slice the sixfirhy!!
Your Ranged Weapons skill increases to level 12!
The kobold blastminer blasts its cannon at you.
The iron shot hits you!!
* * * LOW HITPOINT WARNING * * *
The sixfirhy completely misses you. You furiously retaliate!
You headbutt the sixfirhy! The sixfirhy hits you!
* * * LOW HITPOINT WARNING * * *
The sixfirhy shocks you!
* * * LOW HITPOINT WARNING * * *
The sixfirhy hits you but does no damage.
Unknown command.
It was a potion of haste.
You feel yourself speed up. The sixfirhy barely misses you.
You furiously retaliate!
You headbutt the sixfirhy!
You kill the sixfirhy!
The sixfirhy disappears in a puff of smoke!
The red devil attacks as it pursues you!
The red devil hits you from afar with a +0 trident!
* * * LOW HITPOINT WARNING * * *
Barbed spikes become lodged in your body.
Okay, then.
Aiming: Fastroot
Press: ? - help, Shift-Dir - straight line, f/p - kobold blastminer
Aim: a kobold blastminer, wielding a +0 arbalest (lightly wounded)
The roots erupt in riotous growth!
Roots grab the red devil.
Roots grab the orc high priest.
The grasping roots constrict the orc high priest.
The grasping roots constrict the red devil, but do no damage.
The orc high priest struggles to escape constriction.
The red devil hits you from afar with a +0 trident!
You die...

.## ##........# #... ..#
##.......#.8...... #...
..# ##......#....8...
##.. .##
###.#..#.............#...
[[#
######.8.........8.#.[<
<## ###....8...8....#..[
## ##..................)
#..............8..##.
#@8..8...8........
#......8..........
##4...............
##o$.............#
#)K..##.........#.
######.####........###
##.##....# ########## #
#........# ######..)....#


You could see an orc high priest (rooted), a kobold blastminer and a red devil
(summoned, rooted).

Vanquished Creatures
  2 vault guards (Bailey)
  A two-headed ogre (D:8)
  2 orc high priests (Orc:2)
  An orc knight (Orc:2)
  An orc sorcerer (Orc:1)
  2 kobold blastminers (Orc:2)
  A cane toad (Bailey)
  Jeremiah (D:7)
  Psyche (D:8)
  A troll (Orc:1)
  Prince Ribbit (D:7)
  Grinder (D:3)
  A wraith (D:6)
  A steam dragon (D:6)
  2 humans (Bailey)
  A water moccasin (D:8)
  3 black bears
  13 orc warriors
  An ogre (Orc:2)
  2 phantoms
  Blork the orc (D:4)
  5 scorpions
  15 bullfrogs
  8 killer bees
  3 howler monkeys
  4 bombardier beetles
  2 jellies
  A gnoll bouda (D:7)
  10 orc priests
  2 sleepcaps
  Jessica (D:3)
  12 orc wizards
  Robin (D:3)
  5 gnolls
  6 adders
  A ribbon worm (D:3)
  A shadow imp (D:8)
  A white imp (D:8)
  2 dart slugs
  46 orcs
  13 ball pythons
  7 endoplasms
  2 giant cockroaches
  23 goblins
  15 hobgoblins
  11 jackals
  6 quokkas
  6 bats
  3 frilled lizards
  2 kobolds (D:1)
  3 rats
257 creatures vanquished.

Vanquished Creatures (others)
  An orc priest (D:8)
  An orc (Orc:1)
2 creatures vanquished.

Grand Total: 259 creatures vanquished

Notes
Turn   | Place    | Note
-------+----------+-------------------------------------------
     0 | D:1      | Pooter the Minotaur Berserker began the quest for the Orb.
     0 | D:1      | Reached XP level 1. HP: 19/19 MP: 0/0
   220 | D:1      | Reached skill level 1 in Ranged Weapons
   220 | D:1      | Reached XP level 2. HP: 27/27 MP: 1/1
   538 | D:1      | Reached skill level 1 in Polearms
   594 | D:1      | Reached XP level 3. HP: 33/33 MP: 2/2
   612 | D:1      | Found a faded altar of an unknown god.
   787 | D:2      | Reached ** piety under Trog
   887 | D:2      | Reached skill level 2 in Ranged Weapons
  1205 | D:2      | Reached XP level 4. HP: 40/40 MP: 3/3
  1335 | D:3      | Noticed Grinder
  1345 | D:3      | Killed Grinder
  1346 | D:3      | Reached skill level 3 in Ranged Weapons
  1346 | D:3      | Reached XP level 5. HP: 47/47 MP: 4/4
  1346 | D:3      | Reached XP level 6. HP: 55/55 MP: 5/5
  1456 | D:3      | Reached skill level 4 in Ranged Weapons
  1475 | D:3      | Found an ornate altar of the Wu Jian Council.
  1603 | D:3      | Reached skill level 5 in Fighting
  1661 | D:3      | Noticed Jessica
  1663 | D:3      | Killed Jessica
  2034 | D:3      | Noticed Robin
  2043 | D:3      | Killed Robin
  2052 | D:3      | Reached *** piety under Trog
  2175 | D:3      | Found a broken altar of Ashenzari.
  2473 | D:4      | Found a staircase to the Ecumenical Temple.
  2519 | D:4      | Noticed Blork the orc
  2534 | D:4      | Killed Blork the orc
  2535 | D:4      | Reached skill level 5 in Polearms
  2535 | D:4      | Reached XP level 7. HP: 61/61 MP: 6/6
  2542 | D:4      | Reached skill level 5 in Ranged Weapons
  2897 | D:5      | Entered Level 5 of the Dungeon
  2956 | D:5      | Found a sacrificial altar of Ru.
  2958 | D:5      | Found an opulent altar of Gozag.
  2959 | D:5      | Found Gozag's Platinum Reserve.
  3227 | D:5      | Found Sonyont's Assorted Antiques.
  3230 | D:5      | Reached skill level 6 in Ranged Weapons
  3243 | D:5      | Bought a scroll of identify for 42 gold pieces
  3243 | D:5      | Bought a scroll labelled NAEHEA AFOT for 21 gold pieces
  3243 | D:5      | Bought a scroll of identify for 42 gold pieces
  3243 | D:5      | Bought a scroll labelled VEOSCH VIKEMON for 21 gold pieces
  3243 | D:5      | Bought a bubbling white potion for 18 gold pieces
  3291 | D:5      | Reached XP level 8. HP: 59/70 MP: 4/7
  4029 | D:5      | Found a shadowy altar of Dithmenos.
  4122 | D:5      | Bought a pair of embroidered boots for 157 gold pieces
  4425 | D:6      | Reached skill level 1 in Stealth
  4428 | D:6      | Reached skill level 7 in Ranged Weapons
  5196 | D:7      | Noticed Jeremiah
  5232 | D:7      | Killed Jeremiah
  5233 | D:7      | Reached XP level 9. HP: 77/79 MP: 8/8
  5277 | D:7      | Reached skill level 8 in Ranged Weapons
  5416 | D:7      | Noticed Prince Ribbit
  5427 | D:7      | Killed Prince Ribbit
  5427 | D:7      | Reached **** piety under Trog
  5471 | D:7      | Found a runed translucent door.
  5471 | D:7      | Noticed Crazy Yiuf
  5591 | D:7      | Found Ruoduggu's General Store.
  5596 | D:7      | Bought a scroll of revelation for 75 gold pieces
  5596 | D:7      | Bought a potion of might for 40 gold pieces
  5758 | D:8      | Noticed a two-headed ogre
  5767 | D:8      | Found a flagged portal.
  5772 | D:8      | HP: 4/118 [two-headed ogre/+0 giant club (9)]
  5774 | D:8      | Killed a two-headed ogre
  5774 | D:8      | HP: 1/118 [orc priest/+0 club (3)]
  5775 | D:8      | Reached skill level 9 in Ranged Weapons
  5939 | Bailey   | Entered a bailey
  5948 | Bailey   | Reached skill level 10 in Polearms
  6040 | Bailey   | Reached XP level 10. HP: 79/88 MP: 9/9
  6102 | Bailey   | Noticed a vault guard
  6115 | Bailey   | Killed a vault guard
  6116 | Bailey   | Reached skill level 10 in Ranged Weapons
  6178 | Bailey   | Noticed a vault guard
  6178 | Bailey   | Noticed a cane toad
  6200 | Bailey   | Killed a vault guard
  6343 | Bailey   | Killed a cane toad
  6890 | D:8      | Noticed Psyche
  6901 | D:8      | Killed Psyche
  7173 | D:8      | Found a burning altar of Makhleb.
  7270 | D:9      | Noticed a two-headed ogre
  7332 | D:9      | Found a staircase to the Orcish Mines.
  7388 | Orc:1    | Entered Level 1 of the Orcish Mines
  7435 | Orc:2    | Entered Level 2 of the Orcish Mines
  7449 | Orc:2    | Noticed a kobold blastminer
  7451 | Orc:2    | Noticed a kobold blastminer
  7463 | Orc:1    | Reached skill level 5 in Axes
  8032 | Orc:2    | Killed a kobold blastminer
  8033 | Orc:2    | Reached skill level 11 in Ranged Weapons
  8035 | Orc:2    | Killed a kobold blastminer
  8036 | Orc:2    | Reached skill level 5 in Stealth
  8036 | Orc:2    | Reached XP level 11. HP: 67/97 MP: 10/10
  8688 | Orc:1    | Noticed an orc sorcerer
  8988 | Orc:1    | Killed an orc sorcerer
  9224 | Orc:1    | Noticed an orc knight
  9395 | Orc:2    | Killed an orc knight
  9820 | Orc:1    | Found Xoelohif's Book Emporium.
 10374 | Orc:2    | Found Mysoliwk's Jewellery Shoppe.
 10379 | Orc:2    | Found a staircase to the Elven Halls.
 10382 | Orc:2    | Bought an amulet of regeneration for 510 gold pieces
 10437 | Orc:2    | Noticed an orc sorcerer
 10449 | Orc:2    | Noticed an orc knight
 10450 | Orc:2    | Noticed an orc high priest
 10451 | Orc:2    | Noticed an orc high priest
 10465 | Orc:2    | Noticed an orc high priest
 10475 | Orc:2    | Killed an orc high priest
 10476 | Orc:2    | Noticed a sixfirhy
 10479 | Orc:2    | Killed an orc high priest
 10480 | Orc:2    | Reached skill level 12 in Ranged Weapons
 10483 | Orc:2    | HP: 1/99 [red devil/+0 trident[an orc high priest] (13)]
 10484 | Orc:2    | Mangled by a red devil

Illustrated notes

Levels and vault maps discovered:
D:1:      mainiacjoe_arrival_reflecting_pool, layout_loops_cross,
          chequers_ecumenical_altar_simple_redux,
          amcnicky_mini_corridor_feature, minmay_pentomino_r4
D:2:      layout_basic
D:3:      layout_basic, mainiacjoe_overflow_six_doors_small,
          cheibrodos_ashenzari_chains, uniq_grinder, uniq_robin, uniq_jessica
D:4:      layout_rooms, minmay_temple_entry_glass, uniq_blork_the_orc
D:5:      cheibrodos_helix_gallery, layout_basic, hangedman_ru_absence,
          nicolae_dithmenos_through_a_glass_darkly,
          nicolae_gozag_zags_fifth_avenue, serial_shops, shop
D:6:      layout_basic
D:7:      layout_rooms, serial_shops, shop, uniq_crazy_yiuf_cottage,
          uniq_prince_ribbit1, uniq_jeremiah
D:8:      layout_basic, mainiacjoe_overflow_surrounded_room, enter_bailey_5,
          uniq_psyche
D:9:      layout_cave_pools, fedhas_altar_3, orc_0_dummy
Orc:1:    layout_diamond_mine, serial_shops, nicolae_shop_crystal,
          nicolae_orc_lava_room
Orc:2:    st_orc_elflike, layout_caves, serial_shops, shop, bh_open_orc_temple

Skill      XL: |  1  2  3  4  5  6  7  8  9 10 11 |
---------------+----------------------------------+-----
Ranged Weapons | 1 2 3 4 6 7 9 11 12 | 12.0
Axes           | 4 5 7 |  7.7
Polearms       | 1 2 4 5 6 8 10 11 | 11.3
Fighting       | 4 5 6 7 8 9 |  9.9
Stealth        | 2 3 5 |  5.0
Armour         | |  2.4
Dodging        | |  2.1

Action                     |  1- 3 |  4- 6 |  7- 9 | 10-12 || total
---------------------------+-------+-------+-------+-------++-------
  Melee: Hand axe          |     4 |       |       |       ||     4
         Glaive            |    89 |    71 |    85 |       ||   245
         Headbutt          |     4 |     9 |    30 |    34 ||    77
         Trident           |       |       |    86 |    46 ||   132
         Broad axe         |       |       |       |   115 ||   115
         Battleaxe         |       |       |       |    22 ||    22
         War axe           |       |       |       |    20 ||    20
   Fire: Sling             |    53 |    19 |    44 |    17 ||   133
         Arbalest          |       |       |       |    69 ||    69
  Throw: Stone             |       |     4 |       |       ||     4
         Dart              |       |     1 |     5 |     3 ||     9
         Boomerang         |       |       |       |    15 ||    15
 Invoke: Berserk           |       |     3 |     3 |    15 ||    21
         Trog's Hand       |       |       |     5 |    17 ||    22
  Evoke: Wand              |       |       |     9 |     6 ||    15
    Use: Scroll            |     2 |     3 |    11 |     6 ||    22
         Potion            |       |       |       |     2 ||     2
 Armour: Animal skin       |    11 |       |       |       ||    11
         Plate armour      |    86 |    72 |   132 |   246 ||   536
  Dodge: Dodged            |    64 |    36 |    55 |    87 ||   242
  Block: Other             |       |       |    16 |    47 ||    63
         Reflection        |       |       |     1 |     6 ||     7

Table legend: (Time is in decaauts)
 A = Elapsed time spent in this place.
 B = Non-inter-level travel time spent in this place.
 C = Inter-level travel time spent in this place.
 D = Time resting spent in this place.
 E = Time spent auto-exploring this place.
 F = Levels seen in this place.
 G = Mean time per level.
                   A        B        C        D        E       F      G
               +--------+--------+--------+--------+--------+-----+--------+
         Total |  10885 |  10570 |    315 |   3512 |   4512 |  12 |  907.1 |
       Dungeon |   6850 |   6588 |    262 |   1108 |   4080 |   9 |  761.1 |
  Orcish Mines |   3262 |   3209 |     53 |   1916 |    375 |   2 | 1631.0 |
        Bailey |    772 |    772 |      0 |    487 |     57 |   1 |  772.0 |
               +--------+--------+--------+--------+--------+-----+--------+

Top non-repeatable levels by time:
   Orc:2: 1802 daAuts
   Orc:1: 1460 daAuts
     D:5: 1267 daAuts
     D:3: 1137 daAuts
     D:6: 943 daAuts
     D:8: 851 daAuts
     D:1: 775 daAuts
  Bailey: 772 daAuts
     D:7: 643 daAuts
     D:2: 631 daAuts
     D:4: 499 daAuts
     D:9: 100 daAuts
